 Dungeon Crawl Stone Soup version 0.20.1-1-g8b1a95d (webtiles) character file.

429 Melbolja the Slinger (level 7, -1/46 HPs)
             Began as a Halfling Hunter on Oct 8, 2017.
             Slain by Pikel
             ... wielding a +2 whip of electrocution
              (2 damage)
             ... on level 4 of the Dungeon.
             The game lasted 00:14:37 (2288 turns).

Melbolja the Slinger (Halfling Hunter)              Turns: 2288, Time: 00:14:38

Health: -1/46      AC:  6    Str: 18    XL:     7   Next: 19%
Magic:  7/7        EV: 15    Int:  9    God:
Gold:   153        SH:  0    Dex: 17    Spells: 6/6 levels left

rFire    . . .     SeeInvis .   a - +1 hunting sling
rCold    . . .     Gourm    .   (shield restricted)
rNeg     . . .     Faith    .   c - +0 leather armour
rPois    .         Spirit   .   (no helmet)
rElec    .         Reflect  .   (no cloak)
rCorr    .         Harm     .   (no gloves)
MR       .....                  h - +0 pair of boots
Stlth    ++........             (no amulet)
Regen    0.2/turn               k - +5 ring of strength
MPRegen  0.1/turn               m - +2 ring of protection

@: flying
A: mutation resistance 1
a: no special abilities


You were on level 4 of the Dungeon.
You were not hungry.

You visited 1 branch of the dungeon, and saw 4 of its levels.

You collected 153 gold pieces.

Inventory:

Hand Weapons
 a - a +1 hunting sling (weapon)
 b - a +0 short sword
Missiles
 d - 21 sling bullets (quivered)
 i - 85 stones
 l - 21 bolts
Armour
 c - a +0 leather armour (worn)
 h - a +0 pair of boots (worn)
Magical Staves
 u - an uncursed staff of wizardry {unknown}
Jewellery
 k - a +5 ring of strength (left hand)
 m - a +2 ring of protection (right hand)
 w - an uncursed ring of loudness
Scrolls
 e - a scroll of teleportation
 g - a scroll of remove curse
 j - 2 scrolls of enchant weapon {unknown}
 o - a scroll of fog {unknown}
 t - 2 scrolls of recharging {unknown}
Potions
 s - 2 potions of curing {unknown}
 v - a potion of heal wounds {unknown}
 z - a potion of mutation {unknown}
Comestibles
 f - 2 bread rations
 n - 3 fruits
 p - 2 royal jellies
 x - 3 meat rations


   Skills:
 + Level 3.1 Fighting
 + Level 9.9 Slings
 + Level 2.1 Armour
 + Level 2.5 Dodging
 + Level 1.5 Stealth


You had 6 spell levels left.
You didn't know any spells.

Dungeon Overview and Level Annotations

Branches:
Dungeon (4/15)
 Temple: D:4-7

Altars:

Annotations:
D:4 Pikel


Innate Abilities, Weirdness & Mutations

You are small and have problems with some larger weapons.
You are somewhat resistant to further mutation.


Message History

Aim: Pikel, wielding a whip of electrocution and wearing a robe (lightly wounded)
You shoot a sling bullet. The sling bullet hits Pikel.
Pikel is moderately wounded.
The slave barely misses you. Pikel hits you but does no damage.
Firing (i - inventory. (,) - cycle):
d - 22 sling bullets (quivered)
Press: ? - help, Shift-Dir - straight line, f/p - Pikel
Aim: Pikel, wielding a whip of electrocution and wearing a robe (moderately wounded)
You shoot a sling bullet. The sling bullet hits Pikel.
Pikel is moderately wounded.
The slave hits you. Pikel hits you but does no damage.
You are electrocuted!
* * * LOW HITPOINT WARNING * * *
It was a potion of cancellation.
You feel magically purged. The slave closely misses you.
Pikel hits you with a whip of electrocution.
* * * LOW HITPOINT WARNING * * *
It was a potion of flight.
You feel very buoyant.
You fly up into the air.
The slave closely misses you.
Pikel hits you with a whip of electrocution.
You die...

...###..##..+...+
...###..##..##..#
........##..##..#
.........#......# #(
.........#......# [(
........##..##..# (#
........######..## ..#
#..##...##..#...p#p..##.
##########..'...@Kp....(
#...#....#......
#...#....# .....
########## ####


You could see Pikel and 3 slaves.

Vanquished Creatures
  Grinder (D:3)
  A slave (D:4)
  2 orc priests (D:4)
  3 orc wizards
  3 adders
  4 worms
  A dart slug (D:3)
  2 leopard geckos
  5 orcs
  A ball python (D:2)
  A giant cockroach (D:4)
  6 hobgoblins
  2 jackals (D:1)
  2 quokkas
  8 bats
  A frilled lizard (D:2)
  8 goblins
  8 kobolds
  6 rats
65 creatures vanquished.

Notes
Turn   | Place    | Note
-------+----------+-------------------------------------------
     0 | D:1      | Melbolja the Halfling Hunter began the quest for the Orb.
     0 | D:1      | Reached XP level 1. HP: 14/14 MP: 1/1
    20 | D:1      | Reached skill level 6 in Slings
   325 | D:1      | Reached XP level 2. HP: 19/19 MP: 2/2
   698 | D:2      | Reached XP level 3. HP: 24/24 MP: 3/3
   808 | D:2      | Reached skill level 7 in Slings
   884 | D:2      | Reached skill level 1 in Armour
  1151 | D:2      | Reached XP level 4. HP: 24/29 MP: 4/4
  1349 | D:3      | Reached skill level 8 in Slings
  1349 | D:3      | Reached XP level 5. HP: 26/34 MP: 5/5
  1814 | D:3      | Noticed Grinder
  1841 | D:3      | Killed Grinder
  1841 | D:3      | Reached skill level 9 in Slings
  1841 | D:3      | Reached XP level 6. HP: 25/41 MP: 6/6
  2068 | D:4      | Reached XP level 7. HP: 37/46 MP: 7/7
  2266 | D:4      | Noticed Pikel
  2287 | D:4      | HP: 1/46 [Pikel/whip of electrocution (2)]
  2288 | D:4      | Slain by Pikel

Skill      XL: |  1  2  3  4  5  6 |
---------------+-------------------+-----
Slings         | 6 7 8 9 |  9.9
Fighting       | 2 3 |  3.1
Armour         | 1 2 |  2.1
Dodging        | |  2.5
Stealth        | |  1.5

Action                   |  1- 3 |  4- 6 |  7- 9 || total
-------------------------+-------+-------+-------++-------
 Fire: Hunting sling     |    89 |   108 |    42 ||   239
  Use: Scroll            |       |     2 |       ||     2
       Potion            |       |       |     2 ||     2
  Eat: Bread ration      |       |     1 |       ||     1
Armor: Leather armour    |     5 |     8 |    10 ||    23
Dodge: Dodged            |     9 |    22 |    10 ||    41
